 Dungeon Crawl Stone Soup version 0.26.1-11-gd32895ea62 (webtiles) character file.

Game seed: 13108949042255898079

182 tizbic2 the Conjurer (level 5, -2/35 HPs)
             Began as a Mummy Conjurer on June 30, 2021.
             Was an Initiate of Wu Jian.
             Slain by an ogre
             ... wielding a +0 giant club
              (25 damage)
             ... on level 4 of the Dungeon on July 1, 2021.
             The game lasted 00:16:22 (2293 turns).

tizbic2 the Conjurer (Mummy Conjurer)               Turns: 2293, Time: 00:16:22

Health: -2/35      AC:  6    Str: 11    XL:     5   Next: 34%
Magic:  4/10       EV: 16    Int: 17    God:    Wu Jian [......]
Gold:   138        SH:  0    Dex: 11    Spells: 8/11 levels left

rFire    x . .     SeeInvis .   l - +1 spear (flame)
rCold    + . .     Faith    +   (no shield)
rNeg     + + +     Spirit   .   g - +0 leather armour
rPois    ∞         Reflect  .   f - +2 helmet
rElec    .         Harm     .   (no cloak)
rCorr    .         Rampage  .   (no gloves)
Will     .....                  (no boots)
Stlth    +.........             d - amulet of faith
HPRegen  0.11/turn              j - +4 ring of evasion
MPRegen  0.12/turn              (no ring)

@: no status effects
A: no potions, fire vulnerability, cold resistance 1, negative energy resistance
3, torment resistance, unbreathing
a: Renounce Religion


You were on level 4 of the Dungeon.
You worshipped Wu Jian.
Wu Jian was noncommittal.
You visited 1 branch of the dungeon, and saw 4 of its levels.

You collected 138 gold pieces.

Inventory:

Hand Weapons
 l - a +1 spear of flaming (weapon)
Armour
 f - a +2 helmet (worn)
 g - a +0 leather armour (worn)
Jewellery
 d - an amulet of faith (around neck)
 j - a +4 ring of evasion (left hand)
Scrolls
 a - a scroll of identify {unknown}
 b - a scroll of enchant armour {unknown}
 c - 3 scrolls of remove curse
 e - a scroll of amnesia {unknown}
 h - a scroll of immolation {unknown}
 i - a scroll of enchant weapon {unknown}
 k - a scroll of teleportation {unknown}


   Skills:
 + Level 0.2 Fighting
 + Level 1.1(1.2) Axes
 * Level 0.5(1.0) Polearms
 + Level 0.4 Armour
 * Level 2.2 Dodging
 - Level 1.5 Stealth
 + Level 3.6 Spellcasting
 * Level 4.5 Conjurations


You had 8 spell levels left.
You knew the following spells:

 Your Spells              Type           Power        Failure   Level
a - Magic Dart            Conj           72%          3%          1
b - Searing Ray           Conj           36%          4%          2

Your spell library contained the following spells:

 Spells                   Type           Power        Failure   Level
 Dazzling Flash           Conj/Hex       20%          26%         3
 Fulminant Prism          Conj/Hex       5%           65%         4
 Iskenderun's Mystic Bla  Conj/Tloc      10%          65%         4


Dungeon Overview and Level Annotations

Branches:
Dungeon (4/15)
 Temple: D:4-7

Altars:
Fedhas
Okawaru
Wu Jian


Innate Abilities, Weirdness & Mutations

You do not drink.
Your flesh is vulnerable to fire.
You are immune to poison.
Your flesh is cold resistant. (rC+)
You are immune to negative energy. (rN+++)
You are immune to unholy pain and torment.
You can survive without breathing.


Message History

Aim: an ogre, wielding a +0 giant club (0% to evade)
The magic dart hits the ogre.
The ogre is lightly wounded.
Casting: Magic Dart (safe; 3% risk of failure)
Confirm with . or Enter, or press ? or * to list all spells.
Aiming: Searing Ray (safe; 4% risk of failure)
Press: ? - help, Shift-Dir - straight line, f/p - ogre
Aim: an ogre, wielding a +0 giant club (lightly wounded, 11% to evade)
The searing ray hits the ogre!
The ogre is heavily wounded. (Press . to maintain the ray.)
The searing ray hits the ogre!
The ogre is severely wounded.
The searing ray hits the ogre.
The ogre is almost dead.
The ogre hits you with a +0 giant club.
The searing ray misses the ogre.
You finish channeling your searing ray.
The ogre hits you with a +0 giant club!!
Ouch! That really hurt!
You die...

##..# ##.## . # ## #).#
.. ##. #. ##.# .## #...
#. #.#####!..# ..#.##.
##....<....# #.....
##........... #.....
######..#....#.##.
#$....###@.....##.##...#
#.......O.######..####.#
#.....##### ...## ..#
#..... .### .# .......
.# #...O.. #.)....
###.#.. #.#..


You could see an ogre.

Vanquished Creatures
  A bullfrog skeleton (D:4)
  6 gnolls (D:2)
  4 adders (D:2)
  2 dart slugs
  4 leopard geckos
  An orc (D:3)
  2 ball pythons
  4 bats
  A giant cockroach (D:1)
  8 hobgoblins
  4 jackals (D:2)
  4 kobolds
  A quokka (D:2)
  4 frilled lizards
  3 goblins
  8 rats
57 creatures vanquished.

Notes
Turn   | Place    | Note
-------+----------+-------------------------------------------
     0 | D:1      | tizbic2 the Mummy Conjurer began the quest for the Orb.
     0 | D:1      | Reached XP level 1. HP: 13/13 MP: 4/4
   389 | D:1      | Reached XP level 2. HP: 19/19 MP: 3/5
   606 | D:1      | Learned a level 2 spell: Searing Ray
  1075 | D:2      | Reached skill level 4 in Conjurations
  1075 | D:2      | Reached XP level 3. HP: 21/24 MP: 0/7
  1124 | D:2      | Found a blossoming altar of Fedhas.
  1381 | D:2      | Reached XP level 4. HP: 24/30 MP: 1/8
  1483 | D:2      | Reached skill level 1 in Axes
  1539 | D:2      | Found an ornate altar of the Wu Jian Council.
  1547 | D:2      | Became a worshipper of the Wu Jian Council
  1587 | D:2      | Found an iron altar of Okawaru.
  1699 | D:2      | Reached XP level 5. HP: 34/35 MP: 8/10
  2282 | D:4      | Noticed an ogre
  2293 | D:4      | Slain by an ogre

Illustrated notes

Levels and vault maps discovered:
D:1:      eino_arrival_water_cross, layout_loops_corners
D:2:      layout_basic, nicolae_overflow_crystal_walls, lemuel_doored_altar,
          old_standard_altar
D:3:      layout_basic, kiku_gazebo_pond_becter, uniq_grinder, uniq_terence,
          uniq_sigmund
D:4:      layout_rooms, nicolae_gozag_seed_capital, minmay_temple_entry_tees,
          led_sif_book

Skill      XL: |  1  2  3  4 |
---------------+-------------+-----
Conjurations   | 4 |  4.5
Spellcasting   | 3 |  3.6
Dodging        | 2 |  2.2
Axes           | 1 |  1.1
Fighting       | |  0.2
Polearms       | |  0.5
Armour         | |  0.4
Stealth        | |  1.5

Action                   |  1- 3 |  4- 6 || total
-------------------------+-------+-------++-------
Melee: Unarmed           |     8 |       ||     8
       Hand axe          |    30 |     9 ||    39
       Spear             |       |    40 ||    40
 Cast: Magic Dart        |    32 |    15 ||    47
       Searing Ray       |     8 |     7 ||    15
Invok: Lunge             |       |     2 ||     2
  Use: Scroll            |     1 |       ||     1
 Stab: Sleeping          |     2 |     1 ||     3
Armor: Robe              |    10 |       ||    10
       Leather armour    |     9 |    13 ||    22
Dodge: Dodged            |    35 |    47 ||    82
